 Seeded DCSS version 0.31-a0-182-gc5ef74bbde (webtiles) character file.

Game seed: 3425585917399930565 (custom seed)

260 innerfire43 the Chopper (level 5, -12/41 HPs)
             Began as a Demonspawn Monk on June 20, 2023.
             Was an Initiate of Cheibriados.
             Killed from afar by Dowan (21 damage)
             ... with a shard of ice
             ... on level 4 of the Dungeon.
             The game lasted 00:04:22 (2560 turns).

innerfire43 the Chopper (Demonspawn Monk)           Turns: 2560, Time: 00:04:22

Health: -12/41     AC:  7    Str: 20    XL:     5   Next: 95%
Magic:  5/6        EV: 13    Int: 14    God:    Cheibriados [......]
Gold:   202        SH:  0    Dex: 17    Spells: 3/5 levels left

rFire   . . .        q - +1 war axe (vamp)
rCold   . . .        d - orb {light}
rNeg    . . .        b - +0 robe
rPois   .            (helmet restricted)
rElec   .            o - +0 cloak
rCorr   .            (no gloves)
SInv    .            (no boots)
Will    .....        (no amulet)
Stlth   +            i - +4 ring of protection
HPRegen 0.26/turn    n - +6 ring of strength
MPRegen 0.10/turn

%: no passive effects
@: glowing, very slow
A: antennae 1, big brain 1, demonic magic 2
a: Renounce Religion


You were on level 4 of the Dungeon.
You worshipped Cheibriados.
Cheibriados was noncommittal.
You visited 2 branches of the dungeon, and saw 5 of its levels.

You collected 202 gold pieces.

Inventory:

Hand Weapons
 a - a +0 hand axe
 l - a +0 dagger
 q - a +1 vampiric war axe (weapon)
Armour
 b - a +0 robe (worn)
 d - an orb of light (worn)
 m - a +0 animal skin
 o - a +0 cloak (worn)
Jewellery
 i - a +4 ring of protection (left hand)
 n - a +6 ring of strength (right hand)
 v - a ring of magical power
 x - a +4 ring of protection
Wands
 t - a wand of charming (15)
Scrolls
 f - 2 scrolls of poison {unknown}
 g - 3 scrolls of identify {unknown}
 j - a scroll of noise {unknown}
 s - a scroll of silence {unknown}
 w - a scroll of vulnerability {unknown}
Potions
 c - a potion of ambrosia
 e - 3 potions of curing
 h - 4 potions of might {unknown}
 k - 2 potions of attraction {unknown}
 p - a potion of brilliance {unknown}
 r - a potion of haste {unknown}
 u - a potion of heal wounds {unknown}


   Skills:
 - Level 3.0 Fighting
 + Level 5.3 Axes
 + Level 3.4 Dodging
 - Level 0.2 Stealth
 * Level 0.7 Spellcasting
 * Level 0.8 Conjurations
 * Level 0.9 Evocations


You had 3 spell levels left.
You knew the following spells:

 Your Spells              Type           Power      Damage    Failure   Level
a - Magic Dart            Conj           8%         1d3       19%         1
b - Foxfire               Conj/Fire      4%         2x1d4     22%         1

Your spell library contained the following spells:

 Spells                   Type           Power      Damage    Failure   Level
 Animate Dead             Necr           0%         N/A       95%         4
 Haunt                    Necr/Summ      0%         N/A       100%        7
 Infestation              Necr           0%         N/A       100%        8


Dungeon Overview and Level Annotations

Branches:
Dungeon (4/15)             Temple (1/1) D:4

Altars:
Cheibriados
Gozag
Hepliaklqana
Kikubaaqudgha
Nemelex Xobeh
Okawaru
Ru
Sif Muna
Trog
Uskayaw
Vehumet
Wu Jian
Xom
Yredelemnul

Annotations:
D:4 Dowan


Innate Abilities, Weirdness & Mutations

You have a pair of small antennae on your head.
You have an unusually large brain. (Int +2)
Spells you cast may paralyse nearby enemies.


Message History

Dowan blinks!
Duvessa hits you with a +0 short sword of freezing.
Duvessa freezes you.
You hit Duvessa.
You feel better.
Duvessa is severely wounded.
Duvessa hits you with a +0 short sword of freezing.
Duvessa freezes you.
You hit Duvessa.
You feel better.
Duvessa is almost dead.
Duvessa hits you but does no damage.
Duvessa hits you with a +0 short sword of freezing.
Duvessa freezes you.
You hit Duvessa.
Duvessa is almost dead.
Duvessa hits you but does no damage. Duvessa closely misses you.
Dowan closely misses you.
You hit Duvessa.
You feel better.
You kill Duvessa!
Cheibriados thoroughly appreciates the change of pace.
Dowan screams, "No!
Oh no!"
Dowan seems to find hidden reserves of power!
You slash Dowan!
You feel better. Dowan barely misses you.
Dowan casts a spell.
Dowan blinks!
Your Axes skill increases to level 5!
Dowan casts a spell.
Dowan blinks!
Dowan casts a spell at you. The shard of ice hits you!!
Ouch! That really hurt!
* * * LOW HITPOINT WARNING * * *
You slash Dowan!
Dowan is almost dead.
Dowan barely misses you. Dowan hits you with a +0 dagger.
* * * LOW HITPOINT WARNING * * *
It was a potion of curing.
You feel better. Dowan gestures at you while chanting.
The shard of ice hits you!!
Ouch! That really hurt!
You die...

#........... #..####..).
...... #. ...#.......#
...# ##.. ##..... #....##
#..
....###.....###.....###..
#..........##...........
##........!....###.....##
#.......e...<..#~~~~)~~~~
##.......@.#....#~#.....#~
.....>.)...#..#..~.......~
......).........(~.......~
##.##.###........~...>...~
###.#...##.#...~.......~
#........###...~.......~
#........# ##.#~#.....#~
#........## #.#~~~~~~~~~
..........###.###.....##


You could see Dowan (fast).

Vanquished Creatures
  Duvessa (D:4)
  Terence (D:2)
  Robin (D:2)
  An adder (D:2)
  3 gnolls (D:3)
  A shadow imp (D:3)
  An ufetubus (D:4)
  2 ball pythons (D:2)
  3 endoplasms
  4 giant cockroaches
  19 goblins
  10 hobgoblins
  A quokka (D:2)
  2 bats
  8 frilled lizards
  4 kobolds
  7 rats
69 creatures vanquished.

Notes
Turn   | Place    | Note
-------+----------+-------------------------------------------
     0 | D:1      | innerfire43 the Demonspawn Monk began the quest for the
                  | Orb.
     0 | D:1      | Reached XP level 1. HP: 18/18 MP: 1/1
   203 | D:1      | Reached skill level 3 in Axes
   241 | D:1      | Gained mutation: Spells you cast may paralyse adjacent
                  | enemies. [demonic ancestry]
   241 | D:1      | Reached XP level 2. HP: 18/24 MP: 2/2
   835 | D:2      | Noticed Robin
   842 | D:2      | Gained mutation: Spells you cast may paralyse nearby
                  | enemies. [demonic ancestry]
   842 | D:2      | Reached XP level 3. HP: 28/29 MP: 3/3
   849 | D:2      | Killed Robin
  1100 | D:2      | Reached skill level 4 in Axes
  1100 | D:2      | Gained mutation: You have a pair of small antennae on your
                  | head. [demonic ancestry]
  1100 | D:2      | Reached XP level 4. HP: 35/35 MP: 4/4
  1469 | D:2      | Noticed Terence
  1483 | D:2      | Killed Terence
  1676 | D:2      | Identified a scroll of acquirement
  1676 | D:2      | Acquired a +1 vampiric war axe
  1803 | D:3      | Gained mutation: You have an unusually large brain. (Int
                  | +2) [demonic ancestry]
  1803 | D:3      | Reached XP level 5. HP: 30/41 MP: 5/5
  1959 | D:3      | Found a faded altar of an unknown god.
  2127 | D:3      | Prayed at the altar of an unknown god.
  2127 | D:3      | Became a worshipper of Vehumet
  2127 | D:3      | Reached * piety under Vehumet
  2127 | D:3      | Offered knowledge of Magic Dart by Vehumet.
  2127 | D:3      | Reached ** piety under Vehumet
  2130 | D:3      | Learned a level 1 spell: Magic Dart
  2212 | D:3      | Offered knowledge of Foxfire by Vehumet.
  2215 | D:3      | Learned a level 1 spell: Foxfire
  2404 | D:4      | Found a staircase to the Ecumenical Temple.
  2420 | D:4      | Offered knowledge of Inner Flame by Vehumet.
  2430 | Temple   | Entered the Ecumenical Temple
  2502 | Temple   | Fell from the grace of Vehumet
  2502 | Temple   | Became a worshipper of Cheibriados the Contemplative
  2543 | D:4      | Noticed Duvessa
  2543 | D:4      | Noticed Dowan
  2554 | D:4      | Killed Duvessa
  2555 | D:4      | Reached skill level 5 in Axes
  2559 | D:4      | HP: 2/41 [Dowan/+0 dagger (1)]
  2560 | D:4      | Killed from afar by Dowan

Illustrated notes

Levels and vault maps discovered:
D:1:      dpeg_arrival_more_subterranean_lakeside_camping, layout_basic
D:2:      layout_basic, minmay_small_reverse_x, uniq_terence, uniq_robin
D:3:      layout_rooms, lemuel_crystal_altar,
          ebering_ecumenical_altar_petrified, serial_rivers,
          chequers_serial_rivers_small_b, chequers_serial_rivers_micro_c,
          chequers_serial_rivers_small_a, chequers_serial_rivers_large_b,
          chequers_serial_rivers_micro_e, chequers_serial_rivers_small_a
D:4:      layout_cave_pools, mainiacjoe_overflow_tiny_flanked,
          nicolae_overflow_crystal_walls, minmay_temple_entry_water_ring,
          sigmund_army, uniq_duvessa
Temple:   hellmonk_temple_of_storms

Skill      XL: |  1  2  3  4  5 |
---------------+----------------+-----
Axes           | 3 4 5 |  5.3
Dodging        | 3 |  3.4
Fighting       | |  3.0
Stealth        | |  0.2
Spellcasting   | |  0.7
Conjurations   | |  0.8
Evocations     | |  0.9

Action                     |  1- 3 |  4- 6 || total
---------------------------+-------+-------++-------
  Melee: Hand axe          |    87 |    32 ||   119
         War axe           |       |    49 ||    49
    Use: Scroll            |       |     2 ||     2
         Potion            |       |     1 ||     1
 Armour: Robe              |    25 |    18 ||    43
  Dodge: Dodged            |    42 |    56 ||    98

Table legend: (Time is in decaauts)
 A = Elapsed time spent in this place.
 B = Non-inter-level travel time spent in this place.
 C = Inter-level travel time spent in this place.
 D = Time resting spent in this place.
 E = Time spent auto-exploring this place.
 F = Levels seen in this place.
 G = Mean time per level.
                   A        B        C        D        E       F      G
               +--------+--------+--------+--------+--------+-----+--------+
         Total |   2628 |   2558 |     70 |      0 |   1985 |   5 |  525.6 |
       Dungeon |   2548 |   2478 |     70 |      0 |   1985 |   4 |  637.0 |
        Temple |     80 |     80 |      0 |      0 |      0 |   1 |   80.0 |
               +--------+--------+--------+--------+--------+-----+--------+

Top non-repeatable levels by time:
     D:2: 885 daAuts
     D:1: 832 daAuts
     D:3: 730 daAuts
     D:4: 100 daAuts
  Temple: 80 daAuts
